 Dungeon Crawl Stone Soup version 0.21-a0-178-g0b87683 (webtiles) character file.

1480 Ijustatesigmund the Shield-Bearer (level 9, -3/72 HPs)
             Began as a Formicid Fighter on Aug 9, 2017.
             Slain by Duvessa
             ... wielding a +0 rapier
              (6 damage)
             ... on level 5 of the Dungeon.
             The game lasted 00:09:07 (3267 turns).

Ijustatesigmund the Shield-Bearer (FoFi)            Turns: 3267, Time: 00:09:08

Health: -3/72      AC:  6    Str: 20    XL:     9   Next: 7%
Magic:  9/9        EV:  9    Int:  9    God:
Gold:   267        SH: 12    Dex: 13    Spells: 8/8 levels left

rFire    . . .     SeeInvis +   a - +1 quarterstaff
rCold    . . .     Gourm    .   c - +1 shield
rNeg     . . .     Faith    .   b - +0 scale mail
rPois    .         Spirit   .   (helmet unavailable)
rElec    .         Reflect  .   (no cloak)
rCorr    .         Harm     .   (no gloves)
MR       .....                  (no boots)
Stlth    ..........             (no amulet)
HPRegen  0.22/turn              (no ring)
MPRegen  0.11/turn              (no ring)

@: no status effects
A: permanent stasis, dig shafts and tunnels, four strong arms, antennae 3
a: Dig, Shaft Self


You were on level 5 of the Dungeon.
You were hungry.

You visited 1 branch of the dungeon, and saw 7 of its levels.

You collected 267 gold pieces.

Inventory:

Hand Weapons
 a - a +1 quarterstaff (weapon)
Armour
 b - a +0 scale mail (worn)
 c - a +1 shield (worn)
Jewellery
 m - a +2 ring of protection {unknown}
Wands
 h - a wand of acid (12/15)
Scrolls
 e - 3 scrolls of identify
 o - 2 scrolls of magic mapping
 p - a scroll of amnesia
 q - a scroll of enchant armour
 r - a scroll of random uselessness
Potions
 d - 2 potions of degeneration {unknown}
 g - a potion of brilliance
 j - a potion of curing
 k - 2 potions of lignification
 l - a potion of haste
Comestibles
 f - 4 bread rations
 i - 2 royal jellies
 n - a meat ration


   Skills:
 + Level 7.6 Fighting
 + Level 6.5 Staves
 - Level 3.2 Armour
 + Level 7.9 Shields


You had 8 spell levels left.
You didn't know any spells.

Dungeon Overview and Level Annotations

Branches:
Dungeon (7/15)
 Temple: D:4-7

Altars:
Elyvilon

Shops:
D:7 %

Annotations:
D:5 Duvessa


Innate Abilities, Weirdness & Mutations

You cannot be hasted, slowed, berserked, paralysed or teleported.
You can dig through walls and to a lower floor.
Your four strong arms can wield two-handed weapons with a shield.
You have a pair of large antennae on your head. (SInv)


Message History

You hit Duvessa but do no damage.
Duvessa is heavily wounded.
You block Duvessa's attack.
You sock Duvessa!
Duvessa is severely wounded.
Duvessa hits you with a rapier!
* * * LOW HITPOINT WARNING * * *
Duvessa barely misses you.
You sock Duvessa!
Duvessa is almost dead.
Duvessa closely misses you.
You hit Duvessa.
Duvessa is almost dead.
You block Duvessa's attack.
You feel better. You block Duvessa's attack. Duvessa hits you with a rapier!
* * * LOW HITPOINT WARNING * * *
You hit Duvessa but do no damage.
Duvessa is almost dead.
Duvessa hits you with a rapier.
You die...

... ...# ...#
#..# ##..#
##..# #..###
##.#..###
##).#@e$.#
#..##)....#
##.####.....#
##.## ......#
##..# #.....#
#..## #....#
##.## #....
##.## #...
##.##


You could see Duvessa (berserk).

Vanquished Creatures
  Grinder (D:4)
  Eustachio (D:4)
  Menkaure (D:4)
  An orc warrior (D:4)
  An ogre (D:4)
  A bullfrog (D:6)
  A wyvern skeleton (D:3)
  Dowan (D:5)
  A howler monkey (D:6)
  A crimson imp (D:6)
  3 hounds
  An orc priest (D:4)
  A bullfrog skeleton (D:6)
  Ijyb (D:5)
  3 iguanas
  3 worker ants
  A hound skeleton (D:7)
  13 gnolls
  6 adders
  A worm (D:2)
  4 dart slugs
  6 leopard geckos
  2 orcs
  5 giant cockroaches
  8 goblins
  4 hobgoblins
  6 jackals
  3 kobolds
  6 quokkas
  4 bats
  6 frilled lizards
  A jackal skeleton (D:4)
  A leopard gecko skeleton (D:4)
  7 rats
106 creatures vanquished.

Vanquished Creatures (others)
  A quokka (D:7)
1 creature vanquished.

Grand Total: 107 creatures vanquished

Notes
Turn   | Place    | Note
-------+----------+-------------------------------------------
     0 | D:1      | Ijustatesigmund the Formicid Fighter began the quest for the Orb.
     0 | D:1      | Reached XP level 1. HP: 18/18 MP: 1/1
    15 | D:1      | Reached XP level 2. HP: 23/25 MP: 2/2
    31 | D:1      | Reached XP level 3. HP: 30/30 MP: 3/3
   743 | D:2      | Reached XP level 4. HP: 35/37 MP: 4/4
  1410 | D:3      | Reached XP level 5. HP: 18/43 MP: 5/5
  1929 | D:3      | Reached skill level 5 in Fighting
  1994 | D:4      | Reached XP level 6. HP: 48/51 MP: 6/6
  2062 | D:4      | Noticed an ogre
  2068 | D:4      | Killed an ogre
  2068 | D:4      | Reached skill level 5 in Shields
  2069 | D:4      | Noticed an orc warrior
  2079 | D:4      | Killed an orc warrior
  2079 | D:4      | Reached XP level 7. HP: 41/57 MP: 7/7
  2109 | D:4      | Noticed Eustachio
  2120 | D:4      | You fall through a shaft for 3 floors!
  2178 | D:7      | Found Menop's Food Shoppe.
  2264 | D:7      | Reached skill level 5 in Staves
  2369 | D:6      | Reached XP level 8. HP: 15/64 MP: 8/8
  2442 | D:5      | Entered Level 5 of the Dungeon
  2528 | D:5      | Noticed Ijyb
  2535 | D:5      | Killed Ijyb
  2704 | D:4      | Noticed Grinder
  2722 | D:4      | Killed Grinder
  2779 | D:4      | Killed Eustachio
  3017 | D:4      | Noticed Menkaure
  3023 | D:4      | Killed Menkaure
  3023 | D:4      | Reached XP level 9. HP: 51/72 MP: 9/9
  3179 | D:4      | You fall through a shaft for 3 floors!
  3180 | D:7      | Found a white marble altar of Elyvilon.
  3244 | D:5      | Noticed Duvessa
  3244 | D:5      | Noticed Dowan
  3250 | D:5      | Killed Dowan
  3266 | D:5      | HP: 3/72 [Duvessa/rapier (9)]
  3267 | D:5      | Slain by Duvessa

Vault maps used:
D:1:      dpeg_arrival_erosion
D:2:      grunt_decor_arrowhead
D:3:      first_bread
D:4:      portal_sewer_entry_f, uniq_menkaure, uniq_grinder, uniq_eustachio
D:5:      uniq_duvessa, uniq_ijyb
D:6:      corexii_corridor_pit, uniq_blork_the_orc
D:7:      elyvilon_altar_4, minmay_temple_entry_nine_rooms, serial_shops, shop

Skill      XL: |  1  2  3  4  5  6  7  8 |
---------------+-------------------------+-----
Fighting       | 4 5 6 7 |  7.6
Staves         | 3 4 5 6 |  6.5
Shields        | 4 5 6 7 |  7.9
Armour         | |  3.2

Action                   |  1- 3 |  4- 6 |  7- 9 || total
-------------------------+-------+-------+-------++-------
Melee: Quarterstaff      |    78 |   132 |   227 ||   437
 Abil: Dig               |     4 |     5 |     1 ||    10
       Shaft Self        |       |       |     2 ||     2
Evoke: Wand              |       |       |     1 ||     1
  Use: Scroll            |     4 |     2 |     5 ||    11
       Potion            |       |     2 |     5 ||     7
  Eat: Chunk             |       |     5 |     4 ||     9
Armor: Scale mail        |    42 |    45 |    60 ||   147
       Skin              |       |       |     5 ||     5
Dodge: Dodged            |    31 |    46 |    65 ||   142
Block: Shield            |    42 |    72 |   123 ||   237
